 Dungeon Crawl Stone Soup version 0.20.0-6-gd3061e9 (webtiles) character file.

7886 dvd the Basher (level 11, 0/163 HPs)
             Began as a Troll Berserker on May 28, 2017.
             Was a High Priest of Trog.
             Slain by a death yak (22 damage)
             ... on level 10 of the Dungeon.
             The game lasted 00:16:40 (6817 turns).

dvd the Basher (Troll Berserker)                    Turns: 6817, Time: 00:16:41

Health: 0/163      AC:  7    Str: 32    XL:     11   Next: 2%
Magic:  10/10      EV: 13    Int:  4    God:    Trog [*****.]
Gold:   489        SH:  0    Dex: 13    Spells: 10/10 levels left

rFire    . . .     SeeInvis .   a - +12 mace of Doom {flame, +Fly}
rCold    . . .     Gourm    +   (no shield)
rNeg     . . .     Faith    +   b - +0 animal skin
rPois    .         Spirit   .   L - +2 hat {MR+}
rElec    .         Reflect  .   (no cloak)
rCorr    .         Harm     .   (gloves unavailable)
MR       +....                  (boots unavailable)
Stlth    ..........             N - amulet of faith
Regen    0.8/turn               j - +4 ring of slaying
MPRegen  0.2/turn               y - +2 ring of dexterity

@: berserking (expiring), lethally poisoned (0 -> -6), slowed
A: unfitting armour, claws 3, fast metabolism 3, gourmand, regeneration 1,
shaggy fur 1, tough skin 2
a: Berserk, Trog's Hand, Brothers in Arms, Burn Spellbooks, Renounce Religion,
Evoke Flight


You were on level 10 of the Dungeon.
You worshipped Trog.
Trog was extremely pleased with you.
You were very full.

You visited 2 branches of the dungeon, and saw 11 of its levels.

You collected 489 gold pieces.

Inventory:

Hand Weapons
 a - the +12 mace of Doom (weapon) {flame, +Fly}
   (You found it on level 7 of the Dungeon)

   It has been specially enchanted to burn those struck by it, causing extra
   injury to most foes and up to half again as much damage against particularly
   susceptible opponents.
   It lets you fly.
 e - a +0 war axe of chopping
 F - a +1 war axe of flaming
 G - the +8 dagger "Uggir" {antimagic, *Noise rPois Str+3 Int+3}
   (You took it off an orc on level 7 of the Dungeon)

   It reduces the magical energy of the wielder, and disrupts the spells and
   magical abilities of those hit.
   Natural abilities and divine invocations are not affected.
   It affects your strength (+3).
   It affects your intelligence (+3).
   It protects you from poison.
   It may make noises in combat.
 R - a +4 antimagic great sword
 U - a +3 flail of freezing
Missiles
 r - 239 stones (quivered)
Armour
 b - a +0 animal skin (worn)
 L - a +2 hat of magic resistance (worn)
Magical Staves
 p - an uncursed staff of energy
Jewellery
 j - a +4 ring of slaying (left claw)
 y - a +2 ring of dexterity (right claw)
 H - an uncursed ring of resist corrosion
 N - an amulet of faith (around neck)
Wands
 q - a wand of digging (1/24)
 s - a wand of random effects (13/48)
 x - a wand of lightning (10/15)
 C - a wand of clouds (2/9)
 E - a wand of lightning (10/15)
 K - a wand of confusion (20/48)
 P - a wand of lightning (8/15)
 Q - a wand of confusion (15/48)
 T - a wand of lightning (10/15)
 W - a wand of iceblast (9/15)
Scrolls
 d - 11 scrolls of identify
 l - a scroll of amnesia {unknown}
 m - 4 scrolls of fear {unknown}
 z - 4 scrolls of teleportation {unknown}
 B - 4 scrolls of remove curse
 I - 4 scrolls of enchant weapon {unknown}
 J - a scroll of vulnerability {unknown}
 M - a scroll of magic mapping {unknown}
 O - a scroll of brand weapon {unknown}
 S - 4 scrolls of fog {unknown}
 X - a scroll of immolation {unknown}
Potions
 f - 2 potions of flight {unknown}
 g - 3 potions of mutation {unknown}
 h - 2 potions of haste {unknown}
 i - 7 potions of curing
 k - a potion of resistance {unknown}
 t - a potion of heal wounds {unknown}
 v - 2 potions of agility {unknown}
 w - a potion of brilliance {unknown}
 A - 2 potions of lignification {unknown}
 D - a potion of might {unknown}
 Y - a potion of invisibility {unknown}
Comestibles
 c - 8 bread rations
 n - 2 royal jellies
 o - 4 meat rations
 u - 10 fruits
 V - 2 chunks of flesh


   Skills:
 + Level 7.0 Fighting
 + Level 5.5(8.2) Axes
 + Level 10.2(10.9) Maces & Flails
 + Level 0.1 Throwing
 + Level 6.6 Dodging
 + Level 2.1 Stealth
 + Level 0.5 Evocations


You had 10 spell levels left.
You didn't know any spells.

Dungeon Overview and Level Annotations

Branches:
Dungeon (10/15)            Temple (1/1) D:4
   Lair: D:8-11         Orc: D:9-12

Altars:
Ashenzari
Cheibriados
Dithmenos
Elyvilon
Fedhas
Gozag
Hepliaklqana
Kikubaaqudgha
Makhleb
Nemelex Xobeh
Okawaru
Qazlal
Ru
Sif Muna
Trog
Uskayaw
Vehumet
Xom
Yredelemnul
Zin
The Shining One
Beogh

Shops:
D:4 *


Innate Abilities, Weirdness & Mutations

You are too large for most types of armour.
You have claws for hands.
Your metabolism is lightning-fast.
You like to eat raw meat.
Your natural rate of healing is unusually fast.
You are covered in fur. (AC +1)
You have very tough skin. (AC +2)


Message History

* * * LOW HITPOINT WARNING * * *
You are more poisoned.
You suddenly lose the ability to move!
The yak gores you!
* * * LOW HITPOINT WARNING * * *
A yak comes into view.
You feel sick. The hornet stings you.
* * * LOW HITPOINT WARNING * * *
You are more poisoned.
You feel yourself slow down. The yak gores you but does no damage.
You can move again.
You bludgeon the death yak!! You burn the death yak!
The death yak is heavily wounded.
You feel sick.
Unknown command.
You bludgeon the death yak!! You burn the death yak.
The death yak is almost dead.
You feel sick. The yak gores you.
* * * LOW HITPOINT WARNING * * *
The death yak gores you!!
You die...

############# #########
#...........# # #....=.o###
#...........# #
+.....oYYY###..........}# ##
#......o#yY##...........###.
#...oYy.##Y@............#..<
#........#####.............##
.........# #...........###
...Y...### #######.#####
....... #..# .#..... #.## ..
.#


You could see a death yak, 4 yaks, a hornet and 2 orcs.

Vanquished Creatures
  Gastronok (D:8)
  2 death yaks (D:10)
  Pikel (D:4)
  2 hippogriffs
  Sigmund (D:3)
  Eustachio (D:4)
  A wyvern (D:7)
  An orc warrior (D:9)
  A sky beast (D:6)
  2 black bears
  The ghost of MTVSty1e the Skirmisher, an amateur MiWr (D:3)
  A phantom (D:4)
  2 ice beasts
  2 ogres
  5 centaurs
  2 big kobolds (D:8)
  2 bullfrogs
  4 scorpions
  A water moccasin skeleton (D:5)
  A wyvern skeleton (D:5)
  5 killer bees (D:8)
  4 wights (D:9)
  8 howler monkeys
  3 crimson imps
  2 centaur zombies
  A jelly (D:5)
  A quasit (D:8)
  5 orc priests
  2 hounds
  2 centaur skeletons
  2 bullfrog skeletons (D:5)
  4 orc wizards
  2 worker ants
  Natasha (thrice) (D:3)
  4 iguanas
  5 gnolls
  11 adders
  An ooze (D:4)
  2 adder zombies (D:5)
  2 worms
  2 dart slugs
  4 leopard geckos
  28 orcs
  4 giant cockroaches
  14 goblins
  12 hobgoblins
  14 jackals
  19 kobolds
  3 quokkas
  3 ball pythons
  9 bats
  A frilled lizard (D:4)
  2 leopard gecko zombies (D:6)
  14 rats
  A butterfly (D:4)
233 creatures vanquished.

Vanquished Creatures (others)
  A slave (D:4)
  A worker ant (D:4)
  A leopard gecko (D:4)
3 creatures vanquished.

Grand Total: 236 creatures vanquished

Notes
Turn   | Place    | Note
-------+----------+-------------------------------------------
     0 | D:1      | dvd the Troll Berserker began the quest for the Orb.
     0 | D:1      | Reached XP level 1. HP: 22/22 MP: 0/0
   156 | D:1      | Reached XP level 2. HP: 29/29 MP: 1/1
   566 | D:1      | Reached skill level 3 in Maces & Flails
   663 | D:2      | Found a white marble altar of Elyvilon.
   677 | D:2      | Reached XP level 3. HP: 27/36 MP: 2/2
   804 | D:2      | Reached ** piety under Trog
  1058 | D:3      | Noticed Natasha
  1062 | D:3      | Killed Natasha
  1062 | D:3      | Reached XP level 4. HP: 39/45 MP: 3/3
  1368 | D:3      | Noticed Natasha
  1375 | D:3      | Killed Natasha
  1391 | D:3      | Reached skill level 4 in Maces & Flails
  1391 | D:3      | Reached XP level 5. HP: 29/53 MP: 4/4
  1394 | D:3      | Found a burning altar of Makhleb.
  1399 | D:3      | Noticed Natasha
  1405 | D:3      | Killed Natasha
  1459 | D:3      | Found a bloodstained altar of Trog.
  1568 | D:3      | Reached *** piety under Trog
  1632 | D:3      | You fall through a shaft!
  1636 | D:4      | Found a shimmering altar of Xom.
  1710 | D:3      | Noticed MTVSty1e's ghost (amateur MiWr)
  1718 | D:3      | Killed MTVSty1e's ghost
  1718 | D:3      | Reached XP level 6. HP: 61/61 MP: 5/5
  1737 | D:3      | Found a glowing golden altar of the Shining One.
  1837 | D:3      | Noticed Sigmund
  1849 | D:3      | Killed Sigmund
  1849 | D:3      | Reached skill level 5 in Maces & Flails
  1927 | D:4      | Found a stormy altar of Qazlal.
  1927 | D:4      | Noticed an air elemental
  1929 | D:4      | Noticed a fire elemental
  1929 | D:4      | Noticed a water elemental
  1975 | D:4      | Noticed Eustachio
  1999 | D:4      | Killed Eustachio
  1999 | D:4      | Reached XP level 7. HP: 68/68 MP: 6/6
  2082 | D:4      | Found a staircase to the Ecumenical Temple.
  2108 | Temple   | Entered the Ecumenical Temple
  2351 | D:4      | Noticed Pikel
  2364 | D:4      | Killed Pikel
  2364 | D:4      | Reached skill level 6 in Maces & Flails
  2364 | D:4      | Reached XP level 8. HP: 46/78 MP: 7/7
  2402 | D:4      | Found Gozag's Platinum Reserve.
  2406 | D:4      | Found an opulent altar of Gozag.
  2507 | D:4      | Reached skill level 7 in Maces & Flails
  2736 | D:5      | Entered Level 5 of the Dungeon
  2891 | D:5      | Reached skill level 5 in Dodging
  2891 | D:5      | Reached skill level 1 in Stealth
  3126 | D:5      | Reached **** piety under Trog
  3271 | D:5      | Reached skill level 1 in Axes
  4078 | D:6      | Reached XP level 9. HP: 65/85 MP: 8/8
  4487 | D:7      | Reached skill level 5 in Fighting
  4584 | D:7      | Got a crystal mace
  4585 | D:7      | Identified the +12 mace of Doom {flame, +Fly} (You found it on level 7 of the Dungeon)
  4704 | D:7      | Found a burning altar of Makhleb.
  4844 | D:7      | Got a jewelled dagger {antimagic}
  4845 | D:7      | Identified the +8 dagger "Uggir" {antimagic, *Noise rPois Str+3 Int+3} (You took it off an orc on level 7 of the Dungeon)
  5256 | D:8      | Found a roughly hewn altar of Beogh.
  5263 | D:8      | Reached skill level 8 in Maces & Flails
  5308 | D:8      | Noticed Gastronok
  5314 | D:8      | Reached ***** piety under Trog
  5331 | D:8      | Killed Gastronok
  5331 | D:8      | Reached skill level 5 in Axes
  5331 | D:8      | Reached XP level 10. HP: 26/98 MP: 9/9
  5338 | D:8      | HP: 3/147 [leopard gecko (5)]
  5343 | D:8      | HP: 1/147 [poisoned by a killer bee]
  5401 | D:8      | Found a shattered altar of Ashenzari.
  5527 | D:8      | Reached skill level 9 in Maces & Flails
  5867 | D:9      | Received a gift from Trog
  6016 | D:9      | Found an ancient bone altar of Kikubaaqudgha.
  6611 | D:9      | Found a snail-covered altar of Cheibriados.
  6611 | D:9      | Found a glowing silver altar of Zin.
  6684 | D:10     | Entered Level 10 of the Dungeon
  6785 | D:10     | Noticed a death yak
  6789 | D:10     | Noticed a death yak
  6800 | D:10     | Paralysed by a hornet for 1 turns
  6805 | D:10     | Noticed a death yak
  6807 | D:10     | Killed a death yak
  6807 | D:10     | Reached skill level 10 in Maces & Flails
  6813 | D:10     | Killed a death yak
  6813 | D:10     | Reached XP level 11. HP: 46/109 MP: 10/10
  6814 | D:10     | Paralysed by a hornet for 1 turns
  6817 | D:10     | Slain by a death yak

Skill      XL: |  1  2  3  4  5  6  7  8  9 10 |
---------------+-------------------------------+-----
Maces & Flails | 3 4 5 6 7 8 10 | 10.2
Fighting       | 3 4 6 7 |  7.0
Dodging        | 3 4 5 6 |  6.6
Stealth        | 1 2 |  2.1
Axes           | 3 5 |  5.5
Throwing       | |  0.1
Evocations     | |  0.5

Action                   |  1- 3 |  4- 6 |  7- 9 | 10-12 || total
-------------------------+-------+-------+-------+-------++-------
Melee: Mace              |   104 |    90 |    71 |   132 ||   397
       War axe           |       |       |   107 |       ||   107
       Whip              |       |       |    89 |       ||    89
Throw: Stone             |       |       |     1 |     3 ||     4
Invok: Berserk           |       |     4 |     1 |     1 ||     6
       Burn Spellbooks   |       |     1 |       |       ||     1
       Trog's Hand       |       |     1 |       |     1 ||     2
Evoke: Wand              |       |       |       |     1 ||     1
  Use: Scroll            |       |       |     3 |       ||     3
       Potion            |       |       |       |     1 ||     1
 Stab: Sleeping          |     2 |     1 |     1 |       ||     4
       Distracted        |       |       |       |     1 ||     1
  Eat: Chunk             |    16 |    11 |    32 |    15 ||    74
Armor: Animal skin       |    47 |    53 |    55 |    34 ||   189
Dodge: Dodged            |    64 |    93 |   146 |    87 ||   390
